[Event "Schack-SM 2022: Mastarklassen-Elit"]
[Site "Fyrishov, Idrottsgatan 2, Uppsala, Sweden"]
[Date "2022.07.07"]
[Round "6.3"]
[White "Furhoff, Johan"]
[Black "Von Bahr, Oskar"]
[Result "1-0"]
[TimeControl "90 minutes for 40 moves + 30 minutes for the rest of the game + 30 seconds per move from move one."]
[WhiteTitle "IM"]
[BlackTitle "IM"]
[WhiteFideId "1701797"]
[BlackFideId "1703250"]
[WhiteElo "2348"]
[BlackElo "2386"]

1. e4 e5 2. Nf3 Nc6 3. Bb5 a6 4.
Ba4 Nf6 5. O-O Be7 6. Qe2 b5 7. Bb3 O-O 8. d4 Nxd4 9. Nxd4 exd4 10. e5 Ne8 11. c3 c5 12. cxd4 c4 13. Bc2 d5 14.
Be3 f5 15. f4 Nc7 16. Nd2 Be6 17. h3 Qd7 18. Kh2 Kh8 19. Rg1 Rf7 20. g4 g5 21. fxg5 fxg4 22. hxg4 Rg8 23. g6 hxg6 24.
Kg3 Rh7 25. Rh1 Bd8 26. Bh6 Ne8 27. Rh2 Ng7 28. Rah1 Nh5+ 29. gxh5 gxh5+ 30. Kf2 Qf7+ 31. Qf3 Qxf3+ 32. Nxf3 Rxh6 33.
Rxh5 Rxh5 34. Rxh5+ Kg7 35. Rh7+ Kf8 36. Rb7 Rg7 37. Rb8 Ke7 38. Rb7+ Kf8 39. Rb8 Ke7 40. a4 bxa4 41. Bxa4 Bd7 42.
Rb7 Ke6 43. Ra7 a5 44. Ke3 Rh7 45. Ra6+ Ke7 46. Bxd7 Kxd7 47. Rd6+ Ke8 48. Rxd5 Rb7 49. Rc5 Rb4 50. Ke4 Bb6 51.
Rc6 Kd7 52. Rd6+ Kc7 53. Kd5 Rb3 54. Rf6 a4 55. Rf7+ Kd8 56. e6 Bc7 57. Kxc4 Rxb2 58. d5 a3 59. Nd4 a2 60. Rf8+ Ke7 61. Ra8 Kf6 62. Kc3 Rh2 63. Nc6 Re2 64. Rf8+ Kg7 65. Rf1 Bf4 66.
Kd4 Bg5 67. Kd3 Rd2+ 68. Kc4 Bf6 69. e7 Kf7 70. Rxf6+ Kxf6 71. e8=Q Rd1 72. Qe5+ Kf7 73. Qf5+ Ke8 74. Qh5+ 1-0

[Event "Schack-SM 2022: Mastarklassen-Elit"]
[Site "Fyrishov, Idrottsgatan 2, Uppsala, Sweden"]
[Date "2022.07.06"]
[Round "5.1"]
[White "Wiedenkeller, Michael"]
[Black "Johansson, Jan"]
[Result "0-1"]
[TimeControl "90 minutes for 40 moves + 30 minutes for the rest of the game + 30 seconds per move from move one."]
[WhiteTitle "IM"]
[BlackTitle "IM"]
[WhiteFideId "1700146"]
[BlackFideId "1700103"]
[WhiteElo "2437"]
[BlackElo "2306"]

1. d4 Nf6 2. Bg5 d5 3. Bxf6 exf6 4. e3 Bf5 5. Nd2 Bd6 6. Ne2 O-O 7. Ng3 Bg6 8. c4 c5 9. Be2 cxd4 10.
exd4 Nc6 11. Nf3 Qa5+ 12. Kf1 dxc4 13. Bxc4 Rad8 14. Kg1 Bc5 15. h4 Bxd4 16. Nxd4 Rxd4 17. Qb3 h5 18. Ne2 Rd2 19.
Rh3 Ne5 20. Rg3 Bc2 0-1

[Event "Schack-SM 2022: Mastarklassen-Elit"]
[Site "Fyrishov, Idrottsgatan 2, Uppsala, Sweden"]
[Date "2022.07.06"]
[Round "5.2"]
[White "Andersson, Tommy"]
[Black "Furhoff, Johan"]
[Result "1/2-1/2"]
[TimeControl "90 minutes for 40 moves + 30 minutes for the rest of the game + 30 seconds per move from move one."]
[WhiteTitle "IM"]
[BlackTitle "IM"]
[WhiteFideId "1703803"]
[BlackFideId "1701797"]
[WhiteElo "2384"]
[BlackElo "2348"]

1. Nf3 Nc6 2. d4 d5 3. g3 Bg4 4. Bg2 Qd7 5. O-O Bh3 6. c3 Bxg2 7. Kxg2 e6 8. b4 Bd6 9. Nbd2 Nf6 10.
a3 Ne7 11. c4 c6 12. c5 Bc7 13. Ne5 Bxe5 14. dxe5 Ng4 15. Nf3 f6 16. exf6 gxf6 17. Qd2 h5 1/2-1/2

[Event "Schack-SM 2022: Mastarklassen-Elit"]
[Site "Fyrishov, Idrottsgatan 2, Uppsala, Sweden"]
[Date "2022.07.06"]
[Round "5.3"]
[White "Engqvist, Thomas"]
[Black "Thorn, Eric"]
[Result "1/2-1/2"]
[TimeControl "90 minutes for 40 moves + 30 minutes for the rest of the game + 30 seconds per move from move one."]
[WhiteTitle "IM"]
[BlackTitle "FM"]
[WhiteFideId "1700332"]
[BlackFideId "1710729"]
[WhiteElo "2330"]
[BlackElo "2366"]

1. Nf3 d5 2. d4 Nf6 3. c4 dxc4 4. Qa4+ Nbd7 5. Nc3 a6 6. e4 e6 7. Bxc4 Rb8 8. Qc2 b5 9. Be2 Bb7 10.
e5 Nd5 11. a4 b4 12. Nxd5 Bxd5 13. Bxa6 b3 14. Qe2 Bb4+ 15. Bd2 Bxf3 16. gxf3 O-O 17. Bxb4 Rxb4 18. Qd2 c5 19. dxc5 Qa5 20.
Be2 Nxe5 21. Rg1 Rc8 22. Rc1 Rxa4 23. Qxa5 Rxa5 24. f4 Ng6 25. Rg3 Raxc5 26. Rxc5 Rxc5 27. Rxb3 Kf8 28. Rb8+ Ke7 29.
Rb7+ Ke8 30. b4 Rf5 31. Bb5+ Kd8 32. Bd3 Rxf4 33. Bxg6 hxg6 34. b5 g5 35. b6 e5 36. Rb8+ Kd7 37.
b7 Kc7 38. Rg8 Kxb7 39. Rxg7 g4 40. Rh7 Rf3 41. Rg7 Rf4 42. Rh7 Kc6 43. h3 gxh3 44. Rxh3 Kd5 45. Ra3 Ke4 46. Ke2 Kf5 47.
Ra5 Rb4 48. Ra7 f6 49. Ra6 Kg5 50. Re6 Ra4 51. Re8 Ra3 52. Re6 Kf5 53. Rb6 Kg5 54. f4+ exf4 55. Kf2 Kf5 56. Rb8 Re3 57.
Ra8 Re5 58. Ra7 Kg4 59. Rg7+ Rg5 60. Ra7 Rg8 61. Rb7 Rg6 62. Ra7 Rg5 63. Ra8 Rh5 64. Rg8+ Rg5 65. Ra8 Rh5 66. Rg8+ Kf5 67.
Ra8 Rh2+ 68. Kf3 Rh3+ 69. Kf2 f3 70. Ra4 Kg5 71. Rb4 f5 72. Ra4 Rh2+ 73. Kxf3 Rb2 74. Ra3 Rb4 75. Kg3 Rg4+ 76.
Kf3 Rh4 77. Kf2 Rh2+ 78. Kg3 Rh6 79. Ra8 Re6 80. Rg8+ Kf6 81. Kf4 Re4+ 82. Kf3 Ra4 83. Rb8 Kg6 84. Rc8 Rb4 85. Ra8 Kg5 86.
Rg8+ Kf6 87. Rf8+ Ke6 88. Re8+ Kf6 89. Rf8+ Ke6 90. Re8+ Kf7 91. Ra8 Rd4 92. Rb8 Ra4 93. Rc8 Ke7 94.
Rc6 Kf7 95. Rb6 Kg7 96. Rc6 Rb4 97. Ra6 Rd4 98. Rb6 Re4 99. Ra6 Kf7 100. Rb6 Re6 101. Rxe6 Kxe6 102. Kf4 Kf6 103. Kf3 Kg6 104.
Kf4 Kf6 105. Kf3 Ke5 106. Ke3 f4+ 107. Kf3 Kf5 108. Kf2 Kg4 109. Kg2 f3+ 110. Kf2 Kf4 111. Kf1 Ke5 112. Kf2 Ke4 113.
Kf1 Kf4 114. Kf2 Kg4 115. Kf1 Kg3 116. Kg1 f2+ 117. Kf1 Kf3 1/2-1/2

[Event "Schack-SM 2022: Mastarklassen-Elit"]
[Site "Fyrishov, Idrottsgatan 2, Uppsala, Sweden"]
[Date "2022.07.06"]
[Round "5.4"]
[White "Von Bahr, Oskar"]
[Black "Ernst, Thomas"]
[Result "1/2-1/2"]
[TimeControl "90 minutes for 40 moves + 30 minutes for the rest of the game + 30 seconds per move from move one."]
[WhiteTitle "IM"]
[BlackTitle "GM"]
[WhiteFideId "1703250"]
[BlackFideId "1700065"]
[WhiteElo "2386"]
[BlackElo "2289"]

1. d4 Nf6 2. Bg5 e6 3. e4 h6 4. Bxf6 Qxf6 5.
c3 d6 6.
Bd3 Nd7 7. Nd2 g6 8. Ne2 Bg7 9. O-O Qe7 10. f4 O-O 11. e5 b6 12. Ng3 Bb7 13. Qe2 Rad8 14. Rad1 dxe5 15. fxe5 c5 16.
Nc4 cxd4 17. cxd4 Nb8 18. Qe3 Nc6 19. Be4 f5 20. exf6 Rxf6 21. Rxf6 Qxf6 22. Bxc6 Bxc6 23. Ne5 Be8 24.
h3 Qg5 25. Qxg5 hxg5 26. Nf3 Bc6 27. Ne2 Bf6 28. Rd2 e5 29. dxe5 Rxd2 30. Nxd2 Bxe5 31. b3 Kf7 32. Kf2 Bf6 33.
Nf3 Be4 34. Ke3 Bb7 35. Ng3 Ke6 36. Ne4 Bxe4 37. Kxe4 a6 38. Ne1 Kd6 39. Nd3 a5 40. a4 Kc6 41. Ne1 Kc5 42. Nc2 Bg7 43.
Kd3 Be5 44. Ne3 Bc7 45. Ke4 Kb4 46. Nd5+ Kxb3 47. Nxc7 Kxa4 48. Kd3 Kb3 49. Kd2 Kb2 50. Nd5 b5 51. Nc3 b4 52. Na4+ Kb3 53.
Nc5+ Kc4 54. Na4 Kd4 55. Nb2 Ke4 56. Ke2 Kd4 57. Kd2 Ke4 58. Ke2 Kd4 59. Kd2 1/2-1/2

[Event "Schack-SM 2022: Mastarklassen-Elit"]
[Site "Fyrishov, Idrottsgatan 2, Uppsala, Sweden"]
[Date "2022.07.06"]
[Round "5.5"]
[White "Trost, Edvin"]
[Black "Cederstam, Carl"]
[Result "1/2-1/2"]
[TimeControl "90 minutes for 40 moves + 30 minutes for the rest of the game + 30 seconds per move from move one."]
[WhiteTitle "FM"]
[BlackTitle "FM"]
[WhiteFideId "1729519"]
[BlackFideId "1713329"]
[WhiteElo "2345"]
[BlackElo "2332"]

1. d4 d5 2. c4 e6 3. Nf3 a6 4. Bg5 Be7 5. Bxe7 Qxe7 6. Nbd2 Nf6 7. g3 b6 8. Bg2 Bb7 9. O-O Nbd7 10.
Rc1 c5 11. Ne5 cxd4 12. Nxd7 Qxd7 13. Nf3 dxc4 14. Rxc4 Qd8 15. Rxd4 Qc7 16. Qa4+ b5 17. Qa3 Qe7 18. Rc1 Qxa3 19. bxa3 O-O 20. Ne5 Bxg2 21. Kxg2 Rfc8 22. Rxc8+ Rxc8 23. Rd6 Ne4 24. Rxa6 Nc3 25. Rc6 Rxc6 26. Nxc6 Nxa2 27. Kf1 Nc3 28. Na7 Kf8 29. Ke1 Ke7 30. Kd2 1/2-1/2

[Event "Schack-SM 2022: Mastarklassen-Elit"]
[Site "Fyrishov, Idrottsgatan 2, Uppsala, Sweden"]
[Date "2022.07.05"]
[Round "4.1"]
[White "Furhoff, Johan"]
[Black "Wiedenkeller, Michael"]
[Result "0-1"]
[TimeControl "90 minutes for 40 moves + 30 minutes for the rest of the game + 30 seconds per move from move one."]
[WhiteTitle "IM"]
[BlackTitle "IM"]
[WhiteFideId "1701797"]
[BlackFideId "1700146"]
[WhiteElo "2348"]
[BlackElo "2437"]

1. e4 e5 2. Nf3 Nc6 3. Bc4 Bc5 4.
c3 Nf6 5. d3 O-O 6. O-O d5 7. exd5 Nxd5 8. Re1 Bg4 9. h3 Bh5 10. Nbd2 Nb6 11. Bb5 Bd6 12. Ne4 f5 13. Ng3 Bxf3 14.
Qxf3 Qd7 15. Bxc6 bxc6 16. Bd2 Rae8 17. Rad1 Nd5 18. Bc1 Qf7 19. Nf1 Qg6 20. Ne3 e4 21. dxe4 fxe4 22. Qg4 Qf7 23.
Rf1 Nf4 24. Rd4 h5 25. Qd1 Qg6 26. Kh1 Nxh3 27. Rxd6 cxd6 28. gxh3 Rf3 29. Kh2 Qe6 30. Ng2 Qxh3+ 31. Kg1 Re6 32.
Qb3 Kh7 33. Nf4 Rg6+ 0-1

[Event "Schack-SM 2022: Mastarklassen-Elit"]
[Site "Fyrishov, Idrottsgatan 2, Uppsala, Sweden"]
[Date "2022.07.05"]
[Round "4.2"]
[White "Johansson, Jan"]
[Black "Engqvist, Thomas"]
[Result "1/2-1/2"]
[TimeControl "90 minutes for 40 moves + 30 minutes for the rest of the game + 30 seconds per move from move one."]
[WhiteTitle "IM"]
[BlackTitle "IM"]
[WhiteFideId "1700103"]
[BlackFideId "1700332"]
[WhiteElo "2306"]
[BlackElo "2330"]

1. d4 Nf6 2. Nf3 e6 3. c4 b6 4. Bg5 Bb7 5. e3 Be7 6. Nc3 Ne4 7. Nxe4 Bxe4 8. Nd2 Bb7 9. Bf4 d6 10.
Be2 Nd7 11. Bf3 Bxf3 12. Nxf3 Bf6 13. Qa4 O-O 14. O-O Re8 15. Qc6 a5 16. Bg3 Rc8 17. a3 Ra8 18. Rfd1 a4 19. Rac1 Ra5 20. Rc2 Nb8 21. Qe4 Nd7 22.
Qg4 h5 23. Qe4 e5 24. dxe5 Nxe5 25. Bxe5 Bxe5 26. Qc6 Bf6 27. Rd5 Qa8 28. Qd7 Re7 29. Qf5 h4 30. g4 hxg3 31. hxg3 Be5 32.
Rxa5 bxa5 33. c5 g6 34. Qg4 dxc5 35. Nd2 Qc6 36. Nc4 Bd6 37. Rd2 Kg7 38. Nxa5 Qb5 39. Nc4 Re6 40. Qe2 Be7 41.
Qd3 Bf6 42. Qd5 Re7 43. Kg2 Re8 44. Qd7 Qb7+ 45. Qd5 Qb5 46. Qd7 Qb7+ 47. Qd5 1/2-1/2

[Event "Schack-SM 2022: Mastarklassen-Elit"]
[Site "Fyrishov, Idrottsgatan 2, Uppsala, Sweden"]
[Date "2022.07.05"]
[Round "4.3"]
[White "Ernst, Thomas"]
[Black "Andersson, Tommy"]
[Result "1-0"]
[TimeControl "90 minutes for 40 moves + 30 minutes for the rest of the game + 30 seconds per move from move one."]
[WhiteTitle "GM"]
[BlackTitle "IM"]
[WhiteFideId "1700065"]
[BlackFideId "1703803"]
[WhiteElo "2289"]
[BlackElo "2384"]

1. d4 Nf6 2. c4 e6 3. Nc3 d5 4. Bg5 Be7 5. e3 O-O 6. Nf3 h6 7. Bh4 b6 8. Qc2 Bb7 9. Bxf6 Bxf6 10.
cxd5 exd5 11. g4 c5 12. O-O-O cxd4 13. exd4 Bc8 14. Rg1 Be6 15. Bd3 Nc6 16. Bf5 Qd6 17. Kb1 Nb4 18. Qd2 Bxf5+ 19. gxf5 Kh7 20. Rg4 Nc6 21. Rdg1 Rae8 22. Ka1 a6 23. h4 b5 24. Qd3 Kh8 25. Ne2 Nb4 26. Qd2 Re4 27. Ne5 Rxg4 28.
Nxg4 Nc6 29. Nxh6 Qb4 30. Qxb4 Nxb4 31. Ng4 Nc2+ 32. Kb1 Nxd4 33. Nxd4 Bxd4 34. Rd1 Bb6 35. Rxd5 Re8 36. Rd6 Bc5 37.
Rxa6 b4 38. Rc6 Be7 39. h5 Bf8 40. h6 gxh6 41. Nxh6 Re1+ 42. Kc2 Re2+ 43. Kb3 Rxf2 44. Nxf7+ Kg7 45. Ng5 Be7 46. Ne6+ Kf7 47.
Nd4 Bf6 48. Rc7+ Ke8 49. Rc4 Rd2 50. Nc2 Rd3+ 51. Kxb4 Bxb2 52. a4 Bf6 53. Rf4 Kd7 54. Kb5 Rd5+ 55. Kc4 Rd1 56. Nb4 Kd6 57.
a5 Rc1+ 58. Kb5 Rc5+ 59. Ka4 Rc1 60. Rf3 Rb1 61. Kb5 Kc7 62. Rf4 Kb7 63. Rc4 Be5 64. a6+ Kb8 65. Kb6 Bc7+ 66. Rxc7 Rxb4+ 67. Ka5 Rf4 68. Rf7 Rf1 69. Kb6 Rb1+ 70. Kc5 Ra1 71. Rf6 Ka7 72. Kd5 Rf1 73. Ke5 Re1+ 74. Kf4 Rf1+ 75. Kg5 Rg1+ 76.
Kh6 Rf1 77. Kg7 Rf2 78. Rf8 Rg2 79. Kf7 Kxa6 80. Rb8 Rf2 81. f6 Rf3 82. Kg7 Ka7 83. Rb1 1-0

[Event "Schack-SM 2022: Mastarklassen-Elit"]
[Site "Fyrishov, Idrottsgatan 2, Uppsala, Sweden"]
[Date "2022.07.05"]
[Round "4.4"]
[White "Thorn, Eric"]
[Black "Trost, Edvin"]
[Result "0-1"]
[TimeControl "90 minutes for 40 moves + 30 minutes for the rest of the game + 30 seconds per move from move one."]
[WhiteTitle "FM"]
[BlackTitle "FM"]
[WhiteFideId "1710729"]
[BlackFideId "1729519"]
[WhiteElo "2366"]
[BlackElo "2345"]

1. d4 Nf6 2. c4 g6 3. Nc3 Bg7 4. e4 d6 5. Be2 O-O 6. Nf3 e5 7. d5 a5 8. Bg5 h6 9. Be3 Ng4 10.
Bd2 f5 11. h3 Nf6 12. exf5 gxf5 13. g4 fxg4 14. hxg4 Nxg4 15. Ne4 Bf5 16. Bd3 Nd7 17. Qc2 c6 18. O-O-O cxd5 19. cxd5 Rc8 20.
Bc3 b5 21. Nh4 Bxe4 22. Bxe4 Rxf2 23. Qd3 b4 24. Bh7+ Kh8 25. Ng6+ Kxh7 26. Nxe5+ Kg8 27. Nxg4 Qg5+ 28. Kb1 bxc3 29.
Nxf2 c2+ 30. Ka1 c1=Q+ 0-1

[Event "Schack-SM 2022: Mastarklassen-Elit"]
[Site "Fyrishov, Idrottsgatan 2, Uppsala, Sweden"]
[Date "2022.07.05"]
[Round "4.5"]
[White "Cederstam, Carl"]
[Black "Von Bahr, Oskar"]
[Result "1/2-1/2"]
[TimeControl "90 minutes for 40 moves + 30 minutes for the rest of the game + 30 seconds per move from move one."]
[WhiteTitle "FM"]
[BlackTitle "IM"]
[WhiteFideId "1713329"]
[BlackFideId "1703250"]
[WhiteElo "2332"]
[BlackElo "2386"]

1. e4 e5 2. Nf3 Nc6 3. Bb5 Nf6 4. d3 Bc5 5. c3 d6 6. Nbd2 O-O 7. O-O Bd7 8. a4 a6 9. Bc4 a5 10.
Re1 Be6 11. Bb5 Na7 12. d4 Nxb5 13. dxc5 Na7 14. Ng5 Bg4 15. f3 Bc8 16. f4 exf4 17. Nc4 d5 18. exd5 Nxd5 19. Re5 Ne3 20.
Nxe3 fxe3 21. Rd5 e2 22. Rxd8 exd1=Q+ 23. Rxd1 h6 24. Nf3 g5 25. Nd4 Re8 26. Bd2 Bg4 27. Re1 Bd7 28. b3 Rxe1+ 29. Bxe1 Re8 30. Bg3 b6 31. cxb6 cxb6 32. Bc7 Nc8 33. Kf2 Re7 34. Bd8 Re8 35. Bc7 Re7 36. Bd8 Re8 37. Bc7 Re7 1/2-1/2

[Event "Schack-SM 2022: Mastarklassen-Elit"]
[Site "Fyrishov, Idrottsgatan 2, Uppsala, Sweden"]
[Date "2022.07.04"]
[Round "3.3"]
[White "Trost, Edvin"]
[Black "Johansson, Jan"]
[Result "0-1"]
[TimeControl "90 minutes for 40 moves + 30 minutes for the rest of the game + 30 seconds per move from move one."]
[WhiteTitle "FM"]
[BlackTitle "IM"]
[WhiteFideId "1729519"]
[BlackFideId "1700103"]
[WhiteElo "2345"]
[BlackElo "2306"]

1. d4 Nf6 2. c4 e6 3. Bf4 c5 4. d5 b5 5. Nf3 exd5 6. cxd5 Bb7 7. e4 Qe7 8. Be3 Qxe4 9. Nc3 Qb4 10.
Qe2 Be7 11. d6 Ne4 12. Bd2 Nxd6 13. Nd5 Qe4 14. Qxe4 Nxe4 15. Nc7+ Kd8 16. Nxa8 Bxa8 17. Ba5+ Kc8 18. Bxb5 Bf6 19.
Rb1 Nc6 20. Bxc6 Bxc6 21. O-O Kb7 22. Rfc1 Ka6 23. Bc7 Re8 24. Bf4 Kb5 25. Re1 Re6 26. Re2 a5 27. Rbe1 a4 28. Bc1 d5 29.
a3 d4 30. Nd2 Nxd2 31. Bxd2 Rxe2 32. Rxe2 Kc4 33. Bf4 Kb3 34. Bd6 c4 35. Bb4 d3 36. Re3 Bxb2 37. Kf1 Bxa3 38. Bd2 Bb2 0-1

[Event "Schack-SM 2022: Mastarklassen-Elit"]
[Site "Fyrishov, Idrottsgatan 2, Uppsala, Sweden"]
[Date "2022.07.04"]
[Round "3.4"]
[White "Andersson, Tommy"]
[Black "Von Bahr, Oskar"]
[Result "1/2-1/2"]
[TimeControl "90 minutes for 40 moves + 30 minutes for the rest of the game + 30 seconds per move from move one."]
[WhiteTitle "IM"]
[BlackTitle "IM"]
[WhiteFideId "1703803"]
[BlackFideId "1703250"]
[WhiteElo "2384"]
[BlackElo "2386"]

1. Nf3 c5 2. c4 Nc6 3. Nc3 g6 4. g3 Bg7 5. Bg2 d6 6. O-O Bf5 7. b3 Qd7 8. Bb2 Bh3 9. Bxh3 Qxh3 10.
Rb1 Nh6 11. Ng5 Qg4 12. f4 f6 13. Nd5 O-O 14. Ne4 Rad8 15. e3 Qxd1 16. Rfxd1 Nf7 17. Nc7 Rc8 18. Ne6 Rfe8 19. Nxg7 Kxg7 20.
d4 cxd4 21. exd4 d5 22. Nc5 Nfd8 23. cxd5 Nb4 24. a3 Nxd5 25. Rbc1 b6 26. Nd3 Nb7 27. Kf2 Na5 28. Rxc8 Rxc8 29.
Rc1 Rxc1 30. Nxc1 Kf7 31. Ke2 b5 32. Kd3 Ke6 33. Bc3 Nc6 34. Bd2 Kf5 35. h3 h5 36. Ne2 a6 37. Ng1 Ke6 38. g4 hxg4 39. hxg4 Nd8 40. Nf3 Nb7 41. Nh4 Kf7 42. f5 g5 43. Ng2 e6 44. fxe6+ Kxe6 45.
Ke4 Nd6+ 46. Kf3 Nf7 47. Ne1 f5 48. Nd3 fxg4+ 49. Kxg4 Nf6+ 50. Kf3 Kf5 51. Nc5 g4+ 52. Kg2 Ne4 53.
Be1 Nxc5 54. dxc5 Ne5 55. b4 Nc4 56. Kg3 Nxa3 57. c6 Ke6 58. Kxg4 Kd6 59. Kf4 Kxc6 60. Ke4 Nc4 61. Kd4 Nb6 62.
Bg3 Nd5 63. Be1 Nf4 64. Bd2 Ne6+ 65. Ke5 Ng7 66. Be1 Ne8 67. Kd4 1/2-1/2

[Event "Schack-SM 2022: Mastarklassen-Elit"]
[Site "Fyrishov, Idrottsgatan 2, Uppsala, Sweden"]
[Date "2022.07.04"]
[Round "3.5"]
[White "Thorn, Eric"]
[Black "Cederstam, Carl"]
[Result "1-0"]
[TimeControl "90 minutes for 40 moves + 30 minutes for the rest of the game + 30 seconds per move from move one."]
[WhiteTitle "FM"]
[BlackTitle "FM"]
[WhiteFideId "1710729"]
[BlackFideId "1713329"]
[WhiteElo "2366"]
[BlackElo "2332"]

1. d4 d5 2. c4 e6 3. Nc3 a6 4. cxd5 exd5 5. Bf4 Nf6 6. e3 c5 7. Nf3 Nc6 8. Be2 Be6 9. O-O h6 10.
Ne5 Qa5 11. Qb3 Qb4 12. Nxc6 bxc6 13. Qxb4 cxb4 14. Na4 Ne4 15. Rfc1 Bd7 16. f3 Nd6 17. Nc5 Nb5 18. a4 bxa3 19.
bxa3 Bxc5 20. Rxc5 Ke7 21. a4 Nd6 22. Ra5 Rhb8 23. Rxa6 Rxa6 24. Bxa6 Ra8 25. Bxd6+ Kxd6 26. Bd3 c5 27.
dxc5+ Kxc5 28. a5 Bc8 29. Kf2 Kb4 30. a6 Kc5 31. Ra5+ Kd6 32. Ke2 Bd7 33. Kd2 Rc8 34. a7 Bc6 35.
e4 dxe4 36. Bxe4 Bxe4 37. fxe4 Ra8 38. Kd3 Kc6 39. Kc4 Kb6 40. Kb4 Kc6 41. Ra6+ Kc7 42. Kb5 Kb7 43. Ra1 1-0

[Event "Schack-SM 2022: Mastarklassen-Elit"]
[Site "Fyrishov, Idrottsgatan 2, Uppsala, Sweden"]
[Date "2022.07.04"]
[Round "3.1"]
[White "Engqvist, Thomas"]
[Black "Furhoff, Johan"]
[Result "1-0"]
[TimeControl "90 minutes for 40 moves + 30 minutes for the rest of the game + 30 seconds per move from move one."]
[WhiteTitle "IM"]
[BlackTitle "IM"]
[WhiteFideId "1700332"]
[BlackFideId "1701797"]
[WhiteElo "2330"]
[BlackElo "2348"]

1. e4 e5 2. Nf3 Nc6 3. Bb5 a6 4. Bxc6 dxc6 5. d3 Bd6 6. Be3 Ne7 7. d4 exd4 8. Bxd4 f6 9. Nbd2 c5 10.
Be3 b5 11. c4 Be6 12. Qe2 O-O 13. O-O Ng6 14. cxb5 axb5 15. Qxb5 Rb8 16. Qa6 Rxb2 17. Bxc5 Qa8 18. Qxa8 Rxa8 19.
Bxd6 cxd6 20. a3 Ra4 21. Rfc1 Nf4 22. Rc6 g5 23. Rxd6 g4 24. Nh4 Kf7 25. Nf1 Rxe4 26. Rd2 Re2 27.
Rxb2 Rxb2 28. Ne3 Ne2+ 29. Kf1 Nc3 30. Rc1 Rb3 31. Ra1 Rb2 32. a4 Bc8 33. a5 h5 34. Nhf5 Ba6+ 35. Kg1 Ne4 36.
Nd5 Bb7 37. Nc7 Nxf2 38. Nd6+ Kg6 39. Nxb7 Rxb7 40. Kxf2 Rxc7 41. a6 Ra7 42. Ke3 Kg5 43. Ra5+ Kh4 44. g3+ Kh3 45. Kf2 f5 46.
Rxf5 h4 47. Rh5 Rf7+ 48. Kg1 Rh7 49. Rxh4+ 1-0

[Event "Schack-SM 2022: Mastarklassen-Elit"]
[Site "Fyrishov, Idrottsgatan 2, Uppsala, Sweden"]
[Date "2022.07.04"]
[Round "3.2"]
[White "Wiedenkeller, Michael"]
[Black "Ernst, Thomas"]
[Result "1-0"]
[TimeControl "90 minutes for 40 moves + 30 minutes for the rest of the game + 30 seconds per move from move one."]
[WhiteTitle "IM"]
[BlackTitle "GM"]
[WhiteFideId "1700146"]
[BlackFideId "1700065"]
[WhiteElo "2437"]
[BlackElo "2289"]

1. d4 Nf6 2. Bg5 Ne4 3. Bf4 c5 4. f3 Qa5+ 5. c3 Nf6 6. d5 Qb6 7. Bc1 e6 8. e4 exd5 9. exd5 Bd6 10.
Na3 O-O 11. Bd3 Re8+ 12. Ne2 Bf8 13. Nc4 Qc7 14. d6 Qc6 15. a4 b6 16. Bg5 Ba6 17. Bxf6 gxf6 18. O-O Kh8 19. Ng3 Bxc4 20.
Bxc4 Qxd6 21. Bxf7 Qxd1 22. Raxd1 Re7 23. Bd5 Nc6 24. Be4 Rb8 25. Nf5 Re5 26. Rxd7 Ne7 27. Nd6 1-0

[Event "Schack-SM 2022: Mastarklassen-Elit"]
[Site "Fyrishov, Idrottsgatan 2, Uppsala, Sweden"]
[Date "2022.07.03"]
[Round "2.1"]
[White "Ernst, Thomas"]
[Black "Engqvist, Thomas"]
[Result "1/2-1/2"]
[TimeControl "90 minutes for 40 moves + 30 minutes for the rest of the game + 30 seconds per move from move one."]
[WhiteTitle "GM"]
[BlackTitle "IM"]
[WhiteFideId "1700065"]
[BlackFideId "1700332"]
[WhiteElo "2289"]
[BlackElo "2330"]

1. e4 c5 2. Nf3 e6 3. d4 cxd4 4. Nxd4 Nc6 5. Nc3 d6 6. g3 Nf6 7. Bg2 Bd7 8. O-O Be7 9. Ndb5 Qb8 10.
Bg5 a6 11. Bxf6 gxf6 12. Nd4 Qa7 13. Nb3 Ne5 14. a4 Rc8 15. Nd2 Qd4 16. Qe2 Nc4 17. Nxc4 Qxc4 18. Qd2 Qc5 19. Rfd1 b5 20.
axb5 axb5 21. Rdc1 O-O 22. Nd1 b4 23. c3 bxc3 24. Nxc3 Qb6 25. Ra2 Bc6 26. Rca1 Bb7 27. Qh6 Ra8 28.
Rxa8 Rxa8 29. Rxa8+ Bxa8 30. e5 Bxg2 31. exf6 Bxf6 32. Qxf6 Bb7 33. Qg5+ Kf8 34. Nd1 Qc6 35. Qd8+ Kg7 36.
Qg5+ Kf8 37. Qd8+ Kg7 38. Qg5+ Kf8 1/2-1/2

[Event "Schack-SM 2022: Mastarklassen-Elit"]
[Site "Fyrishov, Idrottsgatan 2, Uppsala, Sweden"]
[Date "2022.07.03"]
[Round "2.2"]
[White "Furhoff, Johan"]
[Black "Trost, Edvin"]
[Result "0-1"]
[TimeControl "90 minutes for 40 moves + 30 minutes for the rest of the game + 30 seconds per move from move one."]
[WhiteTitle "IM"]
[BlackTitle "FM"]
[WhiteFideId "1701797"]
[BlackFideId "1729519"]
[WhiteElo "2348"]
[BlackElo "2345"]

1. e4 c5 2. Nf3 Nc6 3. d4 cxd4 4. Nxd4 e5 5. Nb5 d6 6. c4 Be6 7. N1c3 a6 8. Na3 g6 9. Be2 Bg7 10.
Nd5 Nf6 11. Bg5 h6 12. Nxf6+ Bxf6 13. Bxf6 Qxf6 14. Qxd6 Rd8 15. Qc5 Nd4 16. Bd1 Qg5 17. Ba4+ b5 18. cxb5 Nf3+ 19. Kf1 Nd2+ 20.
Ke1 f5 21. exf5 gxf5 22. Bd1 Rd5 23. Qc6+ Kf7 24. g3 Qe7 25. Bh5+ Kf6 26. Qc3 Rc8 27. Qe3 f4 28. gxf4 Qb4 29. f5 Kxf5 0-1

[Event "Schack-SM 2022: Mastarklassen-Elit"]
[Site "Fyrishov, Idrottsgatan 2, Uppsala, Sweden"]
[Date "2022.07.03"]
[Round "2.3"]
[White "Von Bahr, Oskar"]
[Black "Wiedenkeller, Michael"]
[Result "1/2-1/2"]
[TimeControl "90 minutes for 40 moves + 30 minutes for the rest of the game + 30 seconds per move from move one."]
[WhiteTitle "IM"]
[BlackTitle "IM"]
[WhiteFideId "1703250"]
[BlackFideId "1700146"]
[WhiteElo "2386"]
[BlackElo "2437"]

1. e4 e5 2. Nf3 Nc6 3. Bb5 Nf6 4. O-O Nxe4 5. Re1 Nd6 6. Nxe5 Be7 7. Bf1 Nxe5 8. Rxe5 O-O 9. d4 Bf6 10.
Re1 Re8 11. Bf4 Rxe1 12. Qxe1 Ne8 13. Nc3 Bxd4 14. Nd5 d6 15. Bg5 Bf6 16. Bxf6 Nxf6 17. Nxf6+ gxf6 18. Qe4 f5 19. Qf3 Qf6 20. Re1 Kf8 21. Bb5 c6 22. Bxc6 bxc6 23.
Qxc6 Rb8 24. Qc7 Ra8 25. Qc6 Rb8 26. Qc7 1/2-1/2